Construct Weapon Support Center
Selects Special Operations Battlegroup
Construct Medical Station
M3 Armored Personnel Carrier
Selects SSF Commando Squad
Selects M29 Weasel with M1 Pack Howitzer
Selects P-47 Anti-Infantry Loiter
P-47 Anti-Infantry Loiter
P-47 Anti-Infantry Loiter
P-47 Anti-Infantry Loiter
Selects M4A1 Sherman Whizbang
P-47 Anti-Infantry Loiter
P-47 Anti-Infantry Loiter
Selects Assault Operation